 Dungeon Crawl Stone Soup version 0.16.2-12-gd0ad4c3 (webtiles) character file.

854 SlimeFever the Skirmisher (level 8, -3/70 HPs)
             Began as a Hill Orc Fighter on Mar 20, 2016.
             Slain by an ogre
             ... wielding a +0 giant spiked club
              (17 damage)
             ... on level 4 of the Dungeon.
             The game lasted 00:30:49 (3680 turns).

SlimeFever the Skirmisher (Hill Orc Fighter)        Turns: 3680, Time: 00:30:49

Health: -3/70      AC: 11    Str: 21    XL:     8   Next: 1%
Magic:  8/8        EV:  6    Int:  8    God:
Gold:   232        SH: 10    Dex: 10    Spells: 0 memorised, 7 levels left

rFire  . . .     SeeInvis .     a - +0 long sword
rCold  . . .     Clarity  .     r - +0 chain mail {MR+}
rNeg   . . .     SustAb   .     c - +0 shield
rPois  .         Gourm    .     (no helmet)
rElec  .         Spirit   .     (no cloak)
rCorr  .         Warding  .     (no gloves)
rMut   .         Stasis   .     l - +0 pair of boots
MR     +....                    (no amulet)
Stlth  ..........               u - ring of flight
                                o - ring of wizardry

@: somewhat resistant to hostile enchantments, extremely unstealthy
A: no striking features
a: Evoke Flight


You were on level 4 of the Dungeon.
You were hungry.

You visited 1 branch of the dungeon, and saw 4 of its levels.

You collected 232 gold pieces.

Inventory:

Hand weapons
 a - a +0 long sword (weapon)
 g - a +1 short sword of speed
 m - a +0 hunting sling
Missiles
 h - 69 arrows
 q - 17 sling bullets
 s - 3 tomahawks of returning (quivered)
Armour
 b - a +0 shield
 c - a +0 shield (worn)
 l - a +0 pair of boots (worn)
 r - a +0 chain mail of magic resistance (worn)
Jewellery
 o - a ring of wizardry (left hand)
 u - a ring of flight (right hand)
Scrolls
 p - a scroll of identify
Potions
 e - a potion of magic {unknown}
 f - 2 potions of brilliance
 n - a potion of mutation {unknown}
Comestibles
 d - 2 meat rations
 i - a slice of pizza
 k - a bread ration


   Skills:
 + Level 6.2 Fighting
 + Level 5.5 Long Blades
 + Level 0.6 Throwing
 + Level 5.6 Armour
 + Level 5.5 Shields


You had 7 spell levels left.
You didn't know any spells.

Dungeon Overview and Level Annotations

Branches:
Dungeon (4/15)
 Temple: D:4-7

Altars:
Fedhas
Okawaru
Ru
Xom
Yredelemnul
Zin


Message History

You feel sick.
You are no longer poisoned.
A kobold comes into view.
The kobold shouts!
The kobold completely misses you.
Your chain mail prevents you from hitting the kobold.
You block the kobold's attack.
You barely miss the kobold.
The ogre hits you with a giant spiked club!
* * * LOW HITPOINT WARNING * * *
The kobold hits you but does no damage.
You hit the kobold.
You kill the kobold!
You block the ogre's attack.
You see here a kobold corpse.
A kobold comes into view. It is wielding a club.
The kobold shouts!
It was a potion of cure mutation.
It has a very clean taste.
The ogre hits you with a giant spiked club!
You die...

*,********##*#.K.......#
*,* ###.#####.#
*####***,* #######
#K#####.# #.....,,,*
#.....# #....##†#
..###.,,,*###.....#
#.##K##.#
......,,,**.......#
#.##.##.#
..#..,,,,.#.#.....##
#.......#
#.....,,...........#
####.####
*,...,,,........@..#
#.K.#
***#.,,,####.####O.#
#.### *,,..##.....##.##
#.#
**#..#.......#K######.#
#..#.......#...K....#
#......_.....########
#..#.......#.# #
*..#.......#.#
#######.##.....##.#


You could see an ogre and a kobold.

Vanquished Creatures
  The ghost of SlimeFever the Chopper, an experienced DsCK of Xom (D:4)
  A water moccasin (D:3)
  Duvessa (D:4)
  A scorpion (D:4)
  Dowan (D:4)
  2 hounds (D:2)
  A giant frog skeleton (D:4)
  2 worker ants (D:4)
  2 gnolls
  7 adders
  3 worms
  A giant gecko (D:2)
  2 oozes
  2 orcs
  2 ball pythons
  A bat skeleton (D:4)
  5 giant cockroaches
  8 goblins
  10 hobgoblins
  2 jackals
  A quokka (D:3)
  6 bats
  4 giant newts
  8 kobolds
  7 rats
81 creatures vanquished.

Notes
Turn   | Place    | Note
--------------------------------------------------------------
     0 | D:1      | SlimeFever, the Hill Orc Fighter, began the quest for the Orb.
     0 | D:1      | Reached XP level 1. HP: 19/19 MP: 1/1
   238 | D:1      | Reached XP level 2. HP: 25/27 MP: 2/2
   621 | D:1      | Reached skill level 4 in Fighting
   621 | D:1      | Reached XP level 3. HP: 20/33 MP: 3/3
  1214 | D:2      | Found a blossoming altar of Fedhas.
  1287 | D:2      | Reached XP level 4. HP: 24/40 MP: 4/4
  1412 | D:2      | Found a sacrificial altar of Ru.
  1768 | D:2      | Reached XP level 5. HP: 44/47 MP: 5/5
  2693 | D:3      | Found an iron altar of Okawaru.
  2737 | D:3      | Noticed a water moccasin
  2758 | D:3      | Killed a water moccasin
  2758 | D:3      | Reached skill level 5 in Fighting
  2758 | D:3      | Reached XP level 6. HP: 30/56 MP: 6/6
  3140 | D:4      | Noticed Duvessa
  3143 | D:4      | Noticed Dowan
  3157 | D:4      | Killed Duvessa
  3171 | D:4      | Killed Dowan
  3171 | D:4      | Reached skill level 5 in Shields
  3252 | D:4      | Noticed SlimeFever's ghost (experienced DsCK)
  3281 | D:4      | Killed SlimeFever's ghost
  3281 | D:4      | Reached skill level 5 in Long Blades
  3281 | D:4      | Reached skill level 5 in Armour
  3281 | D:4      | Reached XP level 7. HP: 19/62 MP: 7/7
  3361 | D:4      | Noticed an angel
  3369 | D:4      | Found a shimmering altar of Xom.
  3369 | D:4      | Found a glowing silver altar of Zin.
  3411 | D:4      | Reached skill level 6 in Fighting
  3601 | D:4      | Found a basalt altar of Yredelemnul.
  3615 | D:4      | Reached XP level 8. HP: 25/70 MP: 8/8
  3680 | D:4      | Slain by an ogre

Action                   |  1- 3 |  4- 6 |  7- 9 || total
-------------------------+-------+-------+-------++-------
Melee: Long sword        |   131 |   211 |    57 ||   399
Throw: Tomahawk          |       |     3 |       ||     3
  Use: Scroll            |     1 |     5 |       ||     6
       Potion            |       |     4 |     1 ||     5
  Eat: Bread ration      |       |     2 |       ||     2
